 Dungeon Crawl Stone Soup version 0.31-a0-1591-g515db51633 (webtiles) character file.

Game seed: 6346143980914215802

160 Flugslaktarn the Apothecary (level 5, -2/31 HPs)
             Began as an Octopode Alchemist on Jan 6, 2024.
             Slain by an orc
             ... wielding a +0 short sword
              (5 damage)
             ... on level 4 of the Dungeon.
             The game lasted 00:02:15 (1076 turns).

Flugslaktarn the Apothecary (Octopode Alchemist)    Turns: 1076, Time: 00:02:15

Health: -2/31      AC:  1    Str:  8    XL:     5   Next: 41%
Magic:  8/9        EV: 13    Int: 19    God:
Gold:   140        SH:  0    Dex: 12    Spells: 5/10 levels left

rFire   + . .        b - +0 spear (venom)
rCold   . . .        (no shield)
rNeg    . . .        (helmet restricted)
rPois   .            (no amulet)
rElec   .            f - ring of protection from fire
rCorr   .            (no ring)
SInv    .            (no ring)
Will    .....        (no ring)
Stlth   +++          (no ring)
HPRegen 0.25/turn    (no ring)
MPRegen 0.11/turn    (no ring)
                     (no ring)

%: no passive effects
@: no status effects
A: almost no armour, amphibious, 8 rings, camouflage 1, gelatinous body 1,
(nimble swimmer 1), tentacles
a: no special abilities


You were on level 4 of the Dungeon.
You visited 1 branch of the dungeon, and saw 4 of its levels.

You collected 140 gold pieces.

Inventory:

Hand Weapons
 b - a +0 spear of venom (weapon)
   (You took it off a gnoll on level 4 of the Dungeon)
 l - a +2 dagger of flaming
   (You found it on level 2 of the Dungeon)
Armour
 m - a +0 kite shield
   (You found it on level 3 of the Dungeon)
Jewellery
 f - a ring of protection from fire (left tentacle)
   (You found it on level 2 of the Dungeon)
Scrolls
 c - 5 scrolls of identify {unknown}
 h - a scroll of vulnerability {unknown}
 t - a scroll of teleportation
Potions
 a - a potion of magic
 e - 2 potions of brilliance {unknown}
 g - 3 potions of heal wounds {unknown}
 j - a potion of degeneration {unknown}
 k - a potion of berserk rage {unknown}
 n - a potion of attraction {unknown}
 o - a potion of might {unknown}


   Skills:
 - Level 2.0 Dodging
 - Level 2.6 Stealth
 + Level 3.3 Spellcasting
 - Level 1.0 Conjurations
 * Level 5.6 Alchemy


You had 5 spell levels left.
You knew the following spells:

 Your Spells              Type           Power      Damage    Failure   Level
a - Sting                 Conj/Alch      60%        1d6       3%          1
b - Olgreb's Toxic Radia  Alch           24%        N/A       14%         4

Your spell library contained the following spells:

 Spells                   Type           Power      Damage    Failure   Level
 Mercury Vapours          Alch/Air       26%        N/A       7%          2
 Slow                     Hex            12%        N/A       16%         1
 Mephitic Cloud           Conj/Alch/Air  11%        N/A       19%         3
 Confusing Touch          Hex            3%         N/A       41%         3
 Sigil of Binding         Hex            3%         N/A       41%         3
 Vampiric Draining        Necr           3%         2d6       41%         3
 Sticky Flame             Fire/Alch      13%        2d5       43%         4


Dungeon Overview and Level Annotations

Branches:
Dungeon (4/15)
 Temple: D:4-7

Altars:
Gozag
Okawaru
Ru

Shops:
D:4 =

Annotations:
D:3 2 runed translucent doors
D:4 1 runed translucent door


Innate Abilities, Weirdness & Mutations

You cannot wear most types of armour.
You are amphibious.
You can wear up to eight rings at the same time.
Your skin changes colour to match your surroundings (Stealth+).
Your rubbery body absorbs attacks. (AC +1, EV +1)
((You are camouflaged when in or above water. (Stealth+)))
You have tentacles for arms and can constrict up to eight enemies at once.


Message History

Your grab misses the orc. You squeeze the orc.
The orc is almost dead.
You kill the orc!
Things that are here:
a +0 mace; a +2 leather armour of willpower No target in view!
An orc wizard comes into view. It is wielding a +0 dagger.
Unknown command.
An orc wizard is nearby!
Casting: Sting (safe; 4% risk of failure)
Confirm with . or Enter, or press ? or * to list all spells.
Aiming: Sting (safe; 4% risk of failure)
Press: ? - help, Shift-Dir - straight line, f - orc wizard
Aim: an orc wizard, wielding a +0 dagger and wearing a +0 robe (67% to hit)
The sting misses the orc wizard.
You closely miss the orc wizard. You grab the orc wizard.
You constrict the orc wizard. The orc wizard closely misses you.
You hit the orc wizard but do no damage.
The orc wizard is poisoned.
You squeeze the orc wizard, but do no damage.
The orc wizard is lightly wounded.
You constrict the orc wizard. The orc wizard barely misses you.
You hit the orc wizard but do no damage.
You tentacle-slap the orc wizard, but do no damage.
The orc wizard is lightly wounded.
You constrict the orc wizard, but do no damage.
The orc wizard hits you with a +0 dagger.
You hit the orc wizard but do no damage.
The orc wizard looks even sicker.
You tentacle-slap the orc wizard.
The orc wizard is lightly wounded.
You constrict the orc wizard.
The orc wizard hits you with a +0 dagger.
You hit the orc wizard but do no damage.
The orc wizard looks as sick as possible!
You squeeze the orc wizard.
The orc wizard is heavily wounded.
You constrict the orc wizard.
You kill the orc wizard!
No target in view!
Things that are here:
a +0 dagger; a +0 robe; an orc corpse An orc is nearby!
Unknown command.
You see here 12 gold pieces.
You now have 140 gold pieces (gained 12).
No target in view!
An orc comes into view. It is wielding a +0 short sword.
Casting: Sting (safe; 3% risk of failure)
Confirm with . or Enter, or press ? or * to list all spells.
Aiming: Sting (safe; 3% risk of failure)
Press: ? - help, Shift-Dir - straight line, f - orc
Aim: an orc, wielding a +0 mace and wearing a +0 leather armour (74% to hit)
The sting hits the orc.
The orc is poisoned.
The orc is moderately wounded.
The orc shouts! x2
The orc hits you with a +0 mace!
Casting: Sting (safe; 3% risk of failure)
Confirm with . or Enter, or press ? or * to list all spells.
Aiming: Sting (safe; 3% risk of failure)
Press: ? - help, Shift-Dir - straight line, f/p - orc
Aim: an orc, wielding a +0 mace and wearing a +0 leather armour (heavily wounded, poisoned, 74% to hit)
The sting hits the orc.
The orc looks even sicker.
You kill the orc!
An orc comes into view. It is wielding a +0 club.
The orc hits you with a +0 flail.
Things that are here:
a +0 mace; a +0 leather armour; an orc corpse The hound barks!
The orc shouts!
You hit the orc.
The orc is poisoned.
You grab the orc.
You tentacle-slap the orc, but do no damage.
The orc is severely wounded.
You constrict the orc, but do no damage.
The orc hits you with a +0 short sword. The orc closely misses you.
The orc hits you with a +0 short sword.
The orc throws a boomerang.
The boomerang barely misses you.
You hit the orc but do no damage.
You tentacle-slap the orc, but do no damage.
The orc is severely wounded.
You constrict the orc. The orc hits you with a +0 flail.
The orc hits you with a +0 short sword.
* * * LOW HITPOINT WARNING * * *
The orc hits you with a +0 flail!
* * * LOW HITPOINT WARNING * * *
You are too injured to fight recklessly!
You are too injured to fight recklessly!
You release your grip on the orc.
The orc attacks as it pursues you! The orc closely misses you.
You closely miss the orc. Your grab misses the orc.
You kill the orc!
The orc barely misses you.
You closely miss the orc. You grab the orc.
You constrict the orc, but do no damage.
The orc barely misses you.
You hit the orc but do no damage.
The orc is poisoned.
You squeeze the orc, but do no damage. You constrict the orc.
The orc misses you.
You hit the orc but do no damage. Your squeeze misses the orc.
The orc is moderately wounded.
You constrict the orc. The orc hits you with a +0 short sword.
You die...

#........# *....h.,....≈.#.##
#.......[###.....##,#..≈.#...
#.###o##.#...###.##.#..≈.#._.
#.###.#....).....##.#..≈.#...
#...<.#...>.......#....≈.###.
#.##..#...o...........)≈.....
***#..##...h...##.####.≈≈≈≈≈≈
*,,...##..#o#####.#..........
*,###.....#.@.#.........#....
*,**#####.#.#.#.#.##)#####...
*,,,,,,,#....>#.#.#.....##...
*******,###.###.......#.##.#.
*,* #.....#.#.###,##.#. *,*
#####.#.#...*,*#.#. *,*
#.#.###...,,,*, *,******#.#.#
*.#...,*,
*,,,,,,,..#.#**,#*##,**


You could see a hound and 2 orcs.

Vanquished Creatures
  2 iguanas (D:4)
  An orc wizard (D:4)
  4 gnolls (D:4)
  A ribbon worm (D:2)
  8 orcs
  2 hobgoblins
  2 kobolds (D:4)
  6 quokkas
  6 ball pythons
  2 bats
  3 goblins
37 creatures vanquished.

Notes
Turn   | Place    | Note
-------+----------+-------------------------------------------
     0 | D:1      | Flugslaktarn the Octopode Alchemist began the quest for the
                  | Orb.
     0 | D:1      | Reached XP level 1. HP: 11/11 MP: 3/3
   366 | D:2      | Reached XP level 2. HP: 10/17 MP: 1/5
   551 | D:4      | Reached skill level 4 in Alchemy
   566 | D:4      | Reached XP level 3. HP: 21/21 MP: 1/6
   720 | D:4      | Found a runed translucent door.
   728 | D:4      | Found an iron altar of Okawaru.
   733 | D:4      | Found the +0 toga "Victory" {*Victory Clar}
   733 | D:4      | Noticed a centaur
   734 | D:4      | Noticed a centaur
   820 | D:3      | Found a runed translucent door.
   832 | D:3      | Reached XP level 4. HP: 10/27 MP: 5/8
   848 | D:3      | Found a runed translucent door.
   906 | D:4      | Found Ciaro's Jewellery Emporium.
   921 | D:4      | Learned a level 4 spell: Olgreb's Toxic Radiance
   932 | D:4      | Reached skill level 5 in Alchemy
   976 | D:4      | Reached XP level 5. HP: 21/31 MP: 3/9
   987 | D:4      | Found an opulent altar of Gozag.
  1030 | D:4      | Found a sacrificial altar of Ru.
  1076 | D:4      | Slain by an orc

Illustrated notes

Levels and vault maps discovered:
D:1:      dpeg_arrival_shelter, layout_loops_cross, minmay_tetromino_t2
D:2:      layout_basic, hangedman_abyss_or_decor_stabs
D:3:      layout_basic, ebering_ghost_sewer_f
D:4:      layout_basic, mainiacjoe_overflow_brackets,
          nicolae_overflow_guarded_unrand_okawaru_victory,
          mainiacjoe_overflow_small_starburst, serial_shops, shop

Skill      XL: |  1  2  3  4 |
---------------+-------------+-----
Alchemy        | 4 5 |  5.6
Spellcasting   | 3 |  3.3
Dodging        | |  2.0
Stealth        | |  2.6
Conjurations   | |  1.0

Action                     |  1- 3 |  4- 6 || total
---------------------------+-------+-------++-------
  Melee: Unarmed           |     8 |       ||     8
         Constrict         |     7 |     7 ||    14
         Tentacles         |     5 |     5 ||    10
         Dagger            |    25 |    12 ||    37
         Spear             |       |    15 ||    15
         Punch             |       |     4 ||     4
   Cast: Sting             |    28 |    16 ||    44
         Olgreb's Toxic Ra |       |     1 ||     1
    Use: Scroll            |       |     4 ||     4
 Armour: Skin              |    16 |    19 ||    35
  Dodge: Dodged            |    19 |    22 ||    41

Table legend: (Time is in decaauts)
 A = Elapsed time spent in this place.
 B = Non-inter-level travel time spent in this place.
 C = Inter-level travel time spent in this place.
 D = Time resting spent in this place.
 E = Time spent auto-exploring this place.
 F = Levels seen in this place.
 G = Mean time per level.
                   A        B        C        D        E       F      G
               +--------+--------+--------+--------+--------+-----+--------+
         Total |   1076 |   1004 |     72 |      0 |    525 |   4 |  269.0 |
       Dungeon |   1076 |   1004 |     72 |      0 |    525 |   4 |  269.0 |
               +--------+--------+--------+--------+--------+-----+--------+

Top non-repeatable levels by time:
     D:4: 468 daAuts
     D:1: 332 daAuts
     D:3: 180 daAuts
     D:2: 95 daAuts
